 Dungeon Crawl Stone Soup version 0.27.0-1-g7a089689b8 (webtiles) character file.

Game seed: 13496290197086109133

3046 ZombieSheep the Slinger (level 9, -2/47 HPs)
             Began as a Spriggan Hunter on Aug 1, 2021.
             Was a Priest of Okawaru.
             Succumbed to Erica's bolt of poison
             ... on level 9 of the Dungeon.
             The game lasted 00:25:21 (11551 turns).

ZombieSheep the Slinger (Spriggan Hunter)          Turns: 11551, Time: 00:25:21

Health: -2/47      AC:  6    Str: 10    XL:     9   Next: 56%
Magic:  13/13      EV: 22    Int: 19    God:    Okawaru [***...]
Gold:   517        SH:  0    Dex: 18    Spells: 8/8 levels left

rFire    + . .     SeeInvis +   a - +1 hunting sling (flame)
rCold    + . .     Faith    .   (shield restricted)
rNeg     . . .     Spirit   .   z - +2 robe {Will+}
rPois    .         Reflect  .   (helmet restricted)
rElec    .         Harm     .   u - +1 cloak
rCorr    +         Rampage  .   (gloves unavailable)
Will     ++...                  (boots unavailable)
Stlth    +++.......             (no amulet)
HPRegen  0.15/turn              v - ring of protection from fire
MPRegen  0.13/turn              h - ring of the Final Decision {rCorr Str+2 Int+6}

@: lethally poisoned (-2 -> -21), flying, very quick
A: very small, no large weapons, unfitting armour, see invisible, speed 3, beak,
hooves 1, cold resistance 1
a: Renounce Religion, Heroism


You were on level 9 of the Dungeon.
You worshipped Okawaru.
Okawaru was most pleased with you.
You visited 3 branches of the dungeon, and saw 11 of its levels.

You collected 517 gold pieces.

Inventory:

Hand Weapons
 a - a +1 hunting sling of flaming (weapon)
 b - a +2 dagger of draining
 e - a +1 short sword of freezing
 k - a +1 dagger of venom
Missiles
 d - 83 sling bullets (quivered ammo)
 g - 118 stones
 E - 2 throwing nets
Armour
 u - a +1 cloak (worn)
 z - a +2 robe of willpower (worn)
Jewellery
 h - the ring of the Final Decision (right hand) {rCorr Str+2 Int+6}
   (You took it off an orc on level 5 of the Dungeon)

   [ring of intelligence]

   Str:       It affects your strength (+2).
   Int:       It affects your intelligence (+6).
   rCorr:     It protects you from acid and corrosion.
 v - a ring of protection from fire (left hand)
 A - a ring of protection from cold
 C - a +6 ring of dexterity
Wands
 c - a wand of iceblast (9)
 l - a wand of flame (11)
Scrolls
 f - a scroll of blinking
 p - 7 scrolls of identify
 r - 2 scrolls of teleportation
 w - a scroll of silence
 x - a scroll of magic mapping
 y - a scroll of enchant armour
 D - a scroll of enchant weapon {unknown}
Potions
 i - a potion of flight
 j - 3 potions of haste
 m - 2 potions of degeneration {unknown}
 n - a potion of brilliance {unknown}
 o - 3 potions of mutation
 q - a potion of lignification
 s - 2 potions of cancellation
 t - 2 potions of heal wounds {unknown}
 B - a potion of resistance {unknown}


   Skills:
 + Level 5.2 Fighting
 + Level 6.4 Short Blades
 + Level 8.7 Slings
 + Level 8.3 Dodging
 - Level 5.9 Stealth
 + Level 4.3 Invocations


You had 8 spell levels left.
You didn't know any spells.
Your spell library contained the following spells:

 Spells                   Type           Power      Damage    Failure   Level
 Magic Dart               Conj           0%         1d3       21%         1
 Searing Ray              Conj           0%         3d3       30%         2
 Gell's Gravitas          Tloc           0%         N/A       52%         3
 Teleport Other           Tloc           0%         N/A       52%         3
 Airstrike                Air            0%         N/A       90%         4
 Fulminant Prism          Conj/Hex       0%         3d6       90%         4
 Summon Lightning Spire   Summ/Air       0%         N/A       90%         4
 Lightning Bolt           Conj/Air       0%         1d11      99%         5
 Dispersal                Tloc           0%         N/A       100%        6


Dungeon Overview and Level Annotations

Branches:
Dungeon (9/15)             Temple (1/1) D:4             Orc (1/2) D:9
   Lair: D:8-11

Altars:
Dithmenos
Elyvilon
Makhleb
Okawaru
Ru
Sif Muna
Uskayaw
Vehumet
Xom
Yredelemnul
Zin

Shops:
D:2 *

Annotations:
D:9 1 runed translucent door, Erica; Rallik's ghost, novice DDFi


Innate Abilities, Weirdness & Mutations

You are very small and have problems with some larger weapons.
You are too small for most types of armour.
You have supernaturally acute eyesight. (SInv)
You cover ground extremely quickly. (Speed+++)
You have a beak for a mouth.
You have large cloven feet.
Your flesh is cold resistant. (rC+)


Message History

You shoot a stone. The stone hits Erica.
The stone burns Erica.
Erica is lightly wounded.
You shoot a stone. The stone barely misses Erica.
You shoot a sling bullet. The sling bullet barely misses Erica.
You shoot a sling bullet. The sling bullet hits Erica.
The sling bullet burns Erica.
Erica is moderately wounded.
You shoot a sling bullet. The sling bullet hits Erica!
The sling bullet burns Erica.
Erica is moderately wounded.
You shoot a sling bullet. The sling bullet hits Erica.
The sling bullet burns Erica.
Erica is heavily wounded.
Erica points at you and mumbles some strange words.
The bolt of poison misses you.
You shoot a sling bullet. The sling bullet closely misses Erica.
Erica casts a spell at you. The bolt of poison hits you!
You are poisoned.
You shoot a sling bullet. The sling bullet hits Erica!
The sling bullet burns Erica.
Erica is heavily wounded.
You feel very sick. Erica gestures at you while chanting.
The bolt of poison hits you!
You are lethally poisoned!
* * * LOW HITPOINT WARNING * * *
You feel very sick.
* * * LOW HITPOINT WARNING * * *
You feel very sick.
Found a stone staircase leading up.
It was a potion of mutation.
You feel extremely strange.
Your feet thicken and deform.
You feel resistant to cold.
Your mouth lengthens and hardens into a beak!
* * * LOW HITPOINT WARNING * * *
You feel very sick.
It was a potion of flight.
You feel very buoyant.
You fly up into the air.
You die...

#...#
#.#..####.###......
#...# #.#..# #.# #######
....# #.#..# #.# #...##
####.#..# #.#######
#.......
.......####.#......
#..#####
...#..........######
.#.# #.#...###..........
.#.#
#.####........(((.####
.#.. <......@....@####.#
.### #.####.##..#.# .#
.# .........#.# .# .#
###.#...#.# @#
.##############.#...#.#
(#
.[.>.....(...##.#†..#.##
.#
.#######...†...........#
(# .# #.########...##.#
.# #.# ##.## #


You could see Erica.

Vanquished Creatures
  Psyche (D:8)
  An acid dragon (D:8)
  An ice beast (D:8)
  A sky beast (D:6)
  A black bear (D:5)
  A necrophage (D:8)
  3 ogres
  2 centaurs
  2 phantoms
  2 kobold brigands
  A bullfrog (D:7)
  2 scorpions
  A wyvern skeleton (D:7)
  8 killer bees
  3 howler monkeys (D:8)
  2 centaur zombies
  2 orc priests (D:4)
  A hound (D:4)
  2 gnoll shamans
  Jessica (D:2)
  3 iguanas
  5 orc wizards
  Ijyb (D:3)
  Natasha (thrice) (D:3)
  A killer bee zombie (D:9)
  2 hound skeletons
  Robin (D:2)
  10 gnolls
  5 adders
  A shadow imp (D:8)
  An adder skeleton (D:4)
  An adder zombie (D:5)
  3 worms (D:2)
  2 dart slugs (D:5)
  23 orcs
  8 endoplasms
  5 giant cockroaches
  22 goblins
  11 hobgoblins
  4 jackals (D:1)
  20 kobolds
  4 quokkas
  8 ball pythons
  8 bats
  6 frilled lizards
  3 rats (D:3)
199 creatures vanquished.

Vanquished Creatures (others)
  2 fungi (D:9)
  4 plants (D:9)
6 creatures vanquished.

Grand Total: 205 creatures vanquished

Notes
Turn   | Place    | Note
-------+----------+-------------------------------------------
     0 | D:1      | ZombieSheep the Spriggan Hunter began the quest for the
                  | Orb.
     0 | D:1      | Reached XP level 1. HP: 10/10 MP: 2/2
    94 | D:1      | Reached XP level 2. HP: 12/15 MP: 3/3
   135 | D:1      | Reached skill level 5 in Slings
   769 | D:1      | Reached skill level 1 in Short Blades
   851 | D:1      | Reached XP level 3. HP: 14/18 MP: 4/4
  1641 | D:2      | Found Agixt's Assorted Antiques.
  1820 | D:2      | Reached XP level 4. HP: 23/23 MP: 5/5
  2600 | D:2      | Noticed Jessica
  2605 | D:2      | Killed Jessica
  2711 | D:3      | Noticed Robin
  2738 | D:2      | Reached XP level 5. HP: 9/27 MP: 6/6
  2995 | D:3      | Noticed Natasha
  2999 | D:3      | Killed Natasha
  3162 | D:3      | Noticed Ijyb
  3380 | D:2      | Killed Robin
  3817 | D:3      | Killed Ijyb
  3907 | D:3      | Found a burning altar of Makhleb.
  3907 | D:3      | Noticed Natasha
  3911 | D:3      | Killed Natasha
  3912 | D:3      | Reached XP level 6. HP: 29/32 MP: 7/7
  4286 | D:3      | Noticed Natasha
  4292 | D:3      | Killed Natasha
  5387 | D:4      | Reached skill level 5 in Dodging
  5442 | D:4      | You fall into a shaft and drop 3 floors!
  5549 | D:6      | Reached skill level 5 in Stealth
  5900 | D:5      | Entered Level 5 of the Dungeon
  5930 | D:4      | Found a staircase to the Ecumenical Temple.
  5945 | D:4      | Reached XP level 7. HP: 24/36 MP: 8/8
  6185 | Temple   | Entered the Ecumenical Temple
  6236 | Temple   | Became a worshipper of Warmaster Okawaru
  7340 | D:5      | Identified the ring of the Final Decision {rCorr Str+2
                  | Int+6}
  7479 | D:5      | Reached * piety under Okawaru
  7480 | D:5      | Reached skill level 1 in Invocations
  7480 | D:5      | Reached XP level 8. HP: 37/42 MP: 9/9
  8379 | D:6      | Reached skill level 5 in Short Blades
  8645 | D:7      | Reached ** piety under Okawaru
  9327 | D:8      | Noticed Psyche
  9340 | D:8      | Killed Psyche
  9341 | D:8      | Reached XP level 9. HP: 46/46 MP: 10/12
 10605 | D:8      | Reached skill level 5 in Fighting
 10894 | D:8      | Reached *** piety under Okawaru
 11085 | D:9      | Found a runed translucent door.
 11086 | D:9      | Noticed Rallik's ghost (novice DDFi)
 11087 | D:9      | Identified the +7 spear of Aliaxt {freeze, rF+ Dex+3}
 11145 | D:9      | Found a staircase to the Orcish Mines.
 11238 | Orc:1    | Entered Level 1 of the Orcish Mines
 11444 | D:9      | Noticed a polar bear
 11531 | D:9      | Noticed Erica
 11550 | D:9      | Gained mutation: You have large cloven feet. [potion of
                  | mutation]
 11550 | D:9      | Gained mutation: Your flesh is cold resistant. (rC+)
                  | [potion of mutation]
 11550 | D:9      | Gained mutation: You have a beak for a mouth. [potion of
                  | mutation]
 11550 | D:9      | HP: 2/47 [poisoned by Erica (bolt of poison)]
 11551 | D:9      | Succumbed to Erica's bolt of poison

Illustrated notes

Levels and vault maps discovered:
D:1:      dpeg_arrival_solitude, layout_rooms, minmay_misc_feat_five,
          minmay_tromino_i2
D:2:      minmay_alternating_diamond, layout_loops_corners, serial_shops,
          nicolae_shop_temple_entry_statues_fountains, uniq_jessica
D:3:      layout_rooms, mainiacjoe_overflow_tiny_flanked, uniq_ijyb,
          uniq_natasha, uniq_robin
D:4:      layout_rooms, minmay_temple_entry_statues_pillars
D:5:      layout_rooms
D:6:      layout_gridville
D:7:      layout_basic
D:8:      layout_basic, uniq_psyche
D:9:      layout_loops_ring, david_orc_1_choice, ebering_ghost_funeral_grove,
          uniq_erica
Temple:   minmay_crystal_snake_temple
Orc:1:    layout_caves, serial_shops, shop

Skill      XL: |  1  2  3  4  5  6  7  8  9 |
---------------+----------------------------+-----
Stealth        | 2 3 4 5 |  5.9
Dodging        | 3 4 5 6 7 8 |  8.3
Slings         | 5 6 8 |  8.7
Short Blades   | 1 2 3 4 5 6 |  6.4
Fighting       | 2 3 4 5 |  5.2
Invocations    | 1 3 4 |  4.3

Action                   |  1- 3 |  4- 6 |  7- 9 || total
-------------------------+-------+-------+-------++-------
Melee: Short sword       |    31 |       |       ||    31
       Unarmed           |       |     1 |       ||     1
       Dagger            |       |       |    14 ||    14
 Fire: Hunting sling     |   122 |   297 |   566 ||   985
Invok: Heroism           |       |       |     1 ||     1
  Use: Scroll            |     6 |     4 |     3 ||    13
       Potion            |       |     2 |     2 ||     4
Armor: Robe              |     9 |     9 |    17 ||    35
       Skin              |       |     2 |       ||     2
Dodge: Dodged            |    77 |    74 |   211 ||   362
